 Dungeon Crawl Stone Soup version 0.30.1-1-g62c8e00024 (webtiles) character file.

Game seed: 2684255371527563278

65 Gorgoleon the Slasher (level 4, -1/33 HPs)
             Began as a Merfolk Gladiator on July 18, 2023.
             Killed by divine providence
             ... invoked by an orc priest
              (12 damage)
             ... on level 3 of the Dungeon.
             The game lasted 00:05:19 (1613 turns).

Gorgoleon the Slasher (Merfolk Gladiator)           Turns: 1613, Time: 00:05:20

Health: -1/33      AC:  4    Str: 14    XL:     4   Next: 13%
Magic:  4/4        EV: 13    Int:  7    God:
Gold:   69         SH:  0    Dex: 17    Spells: 3/3 levels left

rFire   . . .        a - +0 long sword
rCold   . . .        (no shield)
rNeg    . . .        b - +0 leather armour
rPois   .            c - +0 helmet
rElec   .            (no cloak)
rCorr   .            (no gloves)
SInv    .            (no boots)
Will    .....        (no amulet)
Stlth   +            (no ring)
HPRegen 0.25/turn    (no ring)
MPRegen 0.09/turn

%: no passive effects
@: no status effects
A: (nimble swimmer 2), mertail
a: no special abilities


You were on level 3 of the Dungeon.
You visited 1 branch of the dungeon, and saw 3 of its levels.

You collected 69 gold pieces.

Inventory:

Hand Weapons
 a - a +0 long sword (weapon)
Missiles
 d - 3 throwing nets
 e - 6 javelins
 f - 16 stones (quivered)
 p - 4 boomerangs
Armour
 b - a +0 leather armour (worn)
 c - a +0 helmet (worn)
Scrolls
 h - 2 scrolls of poison {unknown}
 i - 2 scrolls of identify {unknown}
 j - 2 scrolls of teleportation {unknown}
 n - a scroll of fog {unknown}
 o - 2 scrolls of enchant weapon {unknown}
Potions
 g - a potion of ambrosia {unknown}
 k - a potion of mutation {unknown}
 l - a potion of heal wounds {unknown}
 m - 3 potions of curing {unknown}
 q - a potion of might {unknown}


   Skills:
 - Level 2.1 Fighting
 + Level 5.9 Long Blades
 - Level 2.0 Throwing
 - Level 4.0 Dodging


You had 3 spell levels left.
You didn't know any spells.
Your spell library was empty.

Dungeon Overview and Level Annotations

Branches:
Dungeon (3/15)

Altars:
Qazlal


Innate Abilities, Weirdness & Mutations

((You are very nimble when in or above water. (Stealth+, EV+, Speed+++)))
Your lower body shifts to a powerful aquatic tail in water.


Message History

The bat hits you but does no damage.
You hit the bat.
You kill the bat!
No target in view!
No target in view! 2 orcs come into view.
The orc shouts! x2
An orc wizard comes into view. It is wielding a +0 dagger.
An orc priest comes into view. It is wielding a +0 club.
There are monsters nearby!
The orc wizard shouts!
The orc wizard casts a spell.
The orc wizard flickers and vanishes!
Deactivating autopickup; reactivate with Ctrl-A.
You closely miss the orc. The orc barely misses you.
You closely miss the orc. The orc hits you with a +0 club.
You slash the orc!
You kill the orc!
A worm comes into view.
You hit the orc.
The orc is severely wounded.
The orc hits you but does no damage.
The orc priest calls down the wrath of Beogh upon you.
Beogh smites you!
You miss something. Something hits you but does no damage.
You hit something. Something hits you.
You completely miss something. Something hits you.
You closely miss something.
The orc priest calls down the wrath of Beogh upon you.
Beogh smites you!
You hear some strange, mumbled words.
Something tries to affect you, but you resist.
The orc priest misses you.
You see here a bat corpse.
The orc priest barely misses you.
The orc priest attacks as you move away!
The orc priest misses you.
The orc priest invokes the aid of Beogh against you.
Beogh smites you!
You die... #.# #.# #.# #.# ####.######### # #> .......... #.#.##.###..#### # #......#..o†o).# oo.

####.#..@##w##.#....#
#..#.#................
#..#[#.#.###...#......
#..#.#.#.# ##..#.###..
#####..#<#.#.# #....#
#........#.#.# ##.#..
#.###.##.#.#.# #.#.#..
#.####...#.#.. ..# . .
#.#..###.# .# ##


You could see an orc priest and an orc.

Vanquished Creatures
  An adder (D:2)
  A worm (D:2)
  An orc (D:3)
  5 ball pythons
  5 endoplasms
  A giant cockroach (D:1)
  2 goblins (D:1)
  4 hobgoblins (D:1)
  7 jackals
  5 kobolds
  2 quokkas (D:1)
  6 bats
  3 frilled lizards
  4 rats
47 creatures vanquished.

Notes
Turn   | Place    | Note
-------+----------+-------------------------------------------
     0 | D:1      | Gorgoleon the Merfolk Gladiator began the quest for the
                  | Orb.
     0 | D:1      | Reached XP level 1. HP: 16/16 MP: 1/1
   122 | D:1      | Reached skill level 4 in Long Blades
   134 | D:1      | Reached XP level 2. HP: 14/22 MP: 2/2
   389 | D:1      | Reached XP level 3. HP: 15/27 MP: 3/3
   395 | D:1      | Reached skill level 5 in Long Blades
  1362 | D:2      | Reached XP level 4. HP: 33/33 MP: 4/4
  1548 | D:3      | Found a stormy altar of Qazlal.
  1613 | D:3      | Killed from afar by an orc priest

Illustrated notes

Levels and vault maps discovered:
D:1:      dpeg_arrival_snail, layout_basic
D:2:      layout_basic
D:3:      layout_basic, mainiacjoe_overflow_alcove_1

Skill      XL: |  1  2  3 |
---------------+----------+-----
Long Blades    | 4 5 |  5.9
Fighting       | |  2.1
Throwing       | |  2.0
Dodging        | |  4.0

Action                     |  1- 3 |  4- 6 || total
---------------------------+-------+-------++-------
  Melee: Long sword        |   120 |    18 ||   138
   Stab: Sleeping          |     1 |       ||     1
 Armour: Leather armour    |    39 |     4 ||    43
  Dodge: Dodged            |    98 |    12 ||   110
